 Dungeon Crawl Stone Soup version 0.30-a0-881-g1ff12e1e11 (webtiles) character file.

Game seed: 15456722896722377100

469 Darkkill the Shooter (level 6, -2/55 HPs)
             Began as a Minotaur Hunter on Mar 14, 2023.
             Was an Initiate of Gozag.
             Slain by a gnoll bouda
             ... wielding a +0 whip
              (9 damage)
             ... on level 5 of the Dungeon on Mar 15, 2023.
             The game lasted 00:06:11 (3688 turns).

Darkkill the Shooter (Minotaur Hunter)              Turns: 3688, Time: 00:06:11

Health: -2/55      AC:  8    Str: 16    XL:     6   Next: 82%
Magic:  5/5        EV: 13    Int:  6    God:    Gozag
Gold:   222        SH:  0    Dex: 15    Spells: 5/5 levels left

rFire   . . .      SeeInvis .    a - +2 shortbow
rCold   . . .      Faith    +    (shield currently unavailable)
rNeg    + . .      Spirit   .    c - +1 leather armour
rPois   .          Reflect  .    (helmet restricted)
rElec   .          Rampage  .    q - +2 cloak
rCorr   .                        (no gloves)
Will    .....                    p - +0 pair of boots
Stlth   ++                       i - amulet of Light {Faith rN+}
HPRegen 0.29/turn                (no ring)
MPRegen 0.09/turn                (no ring)

@: gold aura
A: horns 2, retaliatory headbutt
a: Renounce Religion, Potion Petition, Call Merchant, Bribe Branch


You were on level 5 of the Dungeon.
You worshipped Gozag.
Gozag was aware of your devotion.
You visited 2 branches of the dungeon, and saw 6 of its levels.

You collected 298 gold pieces.
You paid 76 gold pieces to Gozag.

Inventory:

Hand Weapons
 a - a +2 shortbow (weapon)
Missiles
 g - 6 poisoned darts
 k - 43 stones
 r - 4 boomerangs
Armour
 c - a +1 leather armour (worn)
 p - a +0 pair of boots (worn)
 q - a +2 cloak (worn)
Jewellery
 e - a ring of magical power
 i - the amulet of Light (around neck) {Faith rN+}
   (You found it on level 2 of the Dungeon)

   [amulet of faith]

   It allows you to gain divine favour quickly.
   rN:        It protects you from negative energy.
Scrolls
 b - 2 scrolls of immolation
 f - 3 scrolls of teleportation
 s - a scroll of amnesia
 w - a scroll of fog
Potions
 d - 2 potions of mutation {unknown}
 h - 2 potions of brilliance
 l - 4 potions of resistance
 m - a potion of invisibility
 n - a potion of attraction {unknown}
 o - 3 potions of haste {unknown}
 t - a potion of lignification {unknown}
 u - 3 potions of ambrosia {unknown}
 v - 2 potions of curing {unknown}


   Skills:
 + Level 4.8 Fighting
 + Level 5.9 Ranged Weapons
 + Level 4.4 Dodging
 + Level 3.2 Stealth


You had 5 spell levels left.
You didn't know any spells.
Your spell library contained the following spells:

 Spells                   Type           Power      Damage    Failure   Level
 Apportation              Tloc           0%         N/A       52%         1
 Beastly Appendage        Tmut           0%         N/A       52%         1
 Necrotise                Necr           0%         1d4       52%         1
 Summon Small Mammal      Summ           0%         N/A       52%         1
 Wereblood                Tmut           0%         N/A       67%         2
 Inner Flame              Hex/Fire       0%         N/A       88%         3
 Spider Form              Tmut/Pois      0%         N/A       88%         3
 Flame Wave               Conj/Fire      0%         2d4       99%         4
 Sticky Flame             Conj/Fire      0%         2d3       99%         4
 Summon Lightning Spire   Summ/Air       0%         N/A       99%         4
 Storm Form               Tmut/Air       0%         N/A       100%        7
 Maxwell's Capacitive Co  Air            0%         ∞         100%        8


Dungeon Overview and Level Annotations

Branches:
Dungeon (5/15)             Temple (1/1) D:4

Altars:
Gozag
Hepliaklqana
Kikubaaqudgha
Okawaru
Trog
Uskayaw
Xom
Zin

Shops:
D:5 ?

Portals:
Sewer: D:5


Innate Abilities, Weirdness & Mutations

You have a pair of horns on your head.
You reflexively headbutt those who attack you in melee.


Message History

The giant cockroach is distracted by your dazzling golden aura.
The orc wizard hits you with a +0 dagger.
The gnoll bouda closely misses you.
You are too injured to fight recklessly!
You are too injured to fight recklessly!
You are too injured to fight recklessly!
Blink to where?
Press: ? - help, Q - select action, (/) - cycle Dir - move target
As you read the scroll of blinking, it crumbles to dust.
Your attacks no longer feel as feeble.
The gnoll bouda gazes fiercely through you!
You feel your attacks grow feeble.
The gnoll is no longer moving quickly.
Your attacks no longer feel as feeble.
The gnoll bouda barks out a call to the hunt!
The gnoll picks up the pace!
The gnoll is no longer moving quickly.
The gnoll hits you with a +0 club. The gnoll hits you but does no damage.
The gnoll misses you.
You open the door.
A ball python and a river rat come into view.
The gnoll hits you with a +0 club. The gnoll hits you but does no damage.
Found a glowing drain.
You shoot an arrow.
The arrow barely misses the giant cockroach.
The ball python hisses angrily.
The gnoll hits you but does no damage.
The giant cockroach bites you but does no damage.
The gnoll barely misses you.
You shoot an arrow. The arrow hits the giant cockroach!
You kill the giant cockroach!
The gnoll barely misses you.
The gnoll hits you from afar with a +0 spear.
The river rat is distracted by your dazzling golden aura.
The gnoll hits you with a +0 club.
You shoot an arrow.
The arrow barely misses the ball python.
The ball python bites you but does no damage.
The ball python barely misses you. The gnoll barely misses you.
The gnoll bouda calls upon its god to heal the gnoll.
The gnoll's wounds heal themselves!
The ball python bites you. The ball python barely misses you.
The gnoll barely misses you. The gnoll misses you.
You shoot an arrow.
The arrow barely misses the ball python.
The river rat is no longer distracted by gold.
The ball python bites you. The ball python barely misses you.
The gnoll barely misses you. The gnoll hits you but does no damage.
The ball python bites you but does no damage.
The ball python grabs you. The ball python constricts you.
The gnoll bouda barks out a call to the hunt!
The gnolls pick up the pace!
You shoot an arrow.
The arrow barely misses the ball python.
The arrow hits the rat!
You kill the rat!
The gnoll barely misses you. x2; The ball python barely misses you.
The ball python constricts you.
The gnoll bouda is distracted by your dazzling golden aura.
You shoot an arrow. The gnoll bouda shouts!
The arrow hits the ball python!
You kill the ball python!
You hear the rusting of a drain.
The gnoll hits you from afar with a +0 spear.
The orc wizard gestures wildly while chanting.
The orc wizard flickers and vanishes!
The gnoll hits you but does no damage.
The gnoll hits you from afar with a +0 spear.
The giant cockroach closely misses you.
You shoot an arrow.
The arrow hits the giant cockroach but does no damage.
The gnoll closely misses you. The gnoll hits you with a +0 club.
The giant cockroach bites you but does no damage.
The gnoll hits you from afar with a +0 spear.
The gnoll hits you but does no damage.
You shoot an arrow.
The arrow closely misses the giant cockroach.
The arrow hits the river rat!
The river rat is severely wounded.
The gnoll bouda is no longer distracted by gold.
The giant cockroach misses you.
The gnoll is distracted by your dazzling golden aura.
The gnoll closely misses you.
The gnoll hits you from afar with a +0 spear.
The giant cockroach barely misses you.
The gnoll bouda hits you with a +0 whip.
* * * LOW HITPOINT WARNING * * *
The gnoll shouts!
You shoot an arrow.
The arrow closely misses the giant cockroach.
The arrow barely misses the river rat.
The arrow hits the rat.
The rat is heavily wounded.
The gnoll hits you from afar with a +0 spear!
* * * LOW HITPOINT WARNING * * *
The giant cockroach bites you but does no damage.
The gnoll hits you from afar with a +0 spear.
* * * LOW HITPOINT WARNING * * *
The gnoll bouda hits you with a +0 whip!
You die...
Your body crumbles into a pile of gold.

#.$§# # ####+######
##...##..###... #..........
#............. #..........
#...######.... #..........
#.gg#~~~r#... #..........
##..#~~r~#..#####..........
##g#~∩~~#g...........#####
#.#~~~r#............# #
#.#~~rrB@g..........# #
#.######g...........# #
#......g............# #
###.g.#.............+ #
###...............# #
###.#######.....# #
#.......#.....#
##......+.....# #......#
..^.


You could see a gnoll bouda, 3 gnolls, 2 river rats, a giant cockroach and a
rat.

Vanquished Creatures
  A black bear (D:5)
  Blork the orc (D:5)
  2 scorpions
  2 hounds
  A gnoll (D:5)
  2 adders
  A worm (D:3)
  2 dart slugs
  9 orcs
  11 ball pythons
  9 endoplasms
  4 giant cockroaches
  12 goblins
  3 hobgoblins
  2 jackals (D:4)
  6 kobolds
  2 quokkas
  4 bats
  3 frilled lizards
  5 rats
82 creatures vanquished.

Notes
Turn   | Place    | Note
-------+----------+-------------------------------------------
     0 | D:1      | Darkkill the Minotaur Hunter began the quest for the Orb.
     0 | D:1      | Reached XP level 1. HP: 18/18 MP: 0/0
   141 | D:1      | Reached skill level 1 in Stealth
   259 | D:1      | Reached XP level 2. HP: 25/25 MP: 1/1
   978 | D:2      | Identified the amulet of Light {Faith rN+}
  1307 | D:2      | Reached XP level 3. HP: 31/31 MP: 2/2
  1878 | D:3      | Found a shimmering altar of Xom.
  1879 | D:3      | Found an iron altar of Okawaru.
  1882 | D:3      | Found a glowing silver altar of Zin.
  1976 | D:3      | Reached XP level 4. HP: 24/38 MP: 3/3
  2142 | D:3      | Reached skill level 5 in Ranged Weapons
  2301 | D:3      | Found a faded altar of an unknown god.
  2535 | D:4      | Reached XP level 5. HP: 44/46 MP: 4/4
  2799 | D:4      | Found a staircase to the Ecumenical Temple.
  2822 | D:4      | Found an ancient bone altar of Kikubaaqudgha.
  3395 | Temple   | Entered the Ecumenical Temple
  3418 | Temple   | Became a worshipper of Gozag Ym Sagoz the Greedy
  3443 | D:5      | Entered Level 5 of the Dungeon
  3443 | D:5      | Found Dostre's Magic Scroll Boutique.
  3487 | D:5      | Noticed Blork the orc
  3496 | D:5      | Killed Blork the orc
  3497 | D:5      | Reached XP level 6. HP: 28/53 MP: 5/5
  3679 | D:5      | Found a glowing drain.
  3688 | D:5      | HP: 9/55 [gnoll/+0 spear[a gnoll bouda] (7)]
  3688 | D:5      | Slain by a gnoll bouda

Illustrated notes

Levels and vault maps discovered:
D:1:      giann_wishing_wells, layout_basic, kennysheep_boxes
D:2:      layout_loops_corners, kennysheep_generic_room_12
D:3:      layout_basic, chequers_temple_overflow_statue_of_worship,
          hellmonk_ecumenical_altar_inner_sanctum
D:4:      layout_basic, nicolae_kikubaaqudgha_miasma_corner,
          minmay_temple_entry_overgrown, minmay_joined_circles
D:5:      layout_gridville, portal_sewer_entry_c, serial_shops,
          nicolae_shop_statue_plus, nicolae_shop_hallway_stairs,
          uniq_blork_the_orc
Temple:   hc_temple_tempest_star

Skill      XL: |  1  2  3  4  5  6 |
---------------+-------------------+-----
Stealth        | 1 2 3 |  3.2
Fighting       | 3 4 |  4.8
Dodging        | 3 4 |  4.4
Ranged Weapons | 5 |  5.9

Action                     |  1- 3 |  4- 6 || total
---------------------------+-------+-------++-------
   Fire: Shortbow          |    95 |   108 ||   203
    Use: Scroll            |     8 |     7 ||    15
 Armour: Leather armour    |    13 |    31 ||    44
  Dodge: Dodged            |    18 |    62 ||    80

Table legend: (Time is in decaauts)
 A = Elapsed time spent in this place.
 B = Non-inter-level travel time spent in this place.
 C = Inter-level travel time spent in this place.
 D = Time resting spent in this place.
 E = Time spent auto-exploring this place.
 F = Levels seen in this place.
 G = Mean time per level.
                   A        B        C        D        E       F      G
               +--------+--------+--------+--------+--------+-----+--------+
         Total |   3770 |   3521 |    249 |    100 |   2937 |   6 |  628.3 |
       Dungeon |   3737 |   3503 |    234 |    100 |   2925 |   5 |  747.4 |
        Temple |     32 |     17 |     15 |      0 |     12 |   1 |   32.0 |
               +--------+--------+--------+--------+--------+-----+--------+

Top non-repeatable levels by time:
     D:4: 978 daAuts
     D:1: 956 daAuts
     D:2: 924 daAuts
     D:3: 622 daAuts
     D:5: 254 daAuts
  Temple: 32 daAuts

Table legend:
 A = Kills in this place as a percentage of kills in the entire game.
 B = Kills by you in this place as a percentage of kills by you in the entire game.
 C = Kills by friends in this place as a percentage of kills by friends in the entire game.
 D = Other kills in this place as a percentage of other kills in the entire game.
 E = Experience gained in this place as a percentage of experience gained in the entire game.
 F = Experience gained in this place divided by the number of levels of this place that you have seen.
                   A       B       C       D       E      F
               +-------+-------+-------+-------+-------+----------------------
         Total | 100.0 | 100.0 |   N/A |   N/A | 100.0 | 111.8
       Dungeon | 100.0 | 100.0 |   N/A |   N/A | 100.0 | 134.2
               +-------+-------+-------+-------+-------+----------------------
